 Dungeon Crawl Stone Soup version 0.29.1-2-gbd0b4ee654 (webtiles) character file.

Game seed: 334512682370205336

30 NinjaNoafa the Cutter (level 3, -1/27 HPs)
             Began as a Merfolk Gladiator on Nov 21, 2022.
             Slain by Robin
             ... wielding a +3 dagger of flaming
              (2 damage)
             ... on level 1 of the Dungeon.
             The game lasted 00:02:27 (1507 turns).

NinjaNoafa the Cutter (Merfolk Gladiator)           Turns: 1507, Time: 00:02:29

Health: -1/27      AC:  4    Str: 14    XL:     3   Next: 18%
Magic:  3/3        EV: 13    Int:  7    God:
Gold:   46         SH:  0    Dex: 17    Spells: 2/2 levels left

rFire   . . .      SeeInvis .   a - +0 rapier
rCold   . . .      Faith    .   (no shield)
rNeg    . . .      Spirit   .   b - +0 leather armour
rPois   .          Reflect  .   c - +0 helmet
rElec   .          Harm     .   (no cloak)
rCorr   .          Rampage  .   (no gloves)
Will    .....                   (no boots)
Stlth   +.........              (no amulet)
HPRegen 0.09/turn               (no ring)
MPRegen 0.08/turn               (no ring)

@: no status effects
A: (nimble swimmer 2), mertail
a: no special abilities


You were on level 1 of the Dungeon.
You visited 1 branch of the dungeon, and saw 2 of its levels.

You collected 46 gold pieces.

Inventory:

Hand Weapons
 a - a +0 rapier (weapon)
Missiles
 d - 3 throwing nets (quivered)
 e - a javelin
 g - 21 stones
Armour
 b - a +0 leather armour (worn)
 c - a +0 helmet (worn)
Scrolls
 h - 2 scrolls of identify {unknown}


   Skills:
 - Level 2.1 Fighting
 + Level 5.1 Short Blades
 - Level 2.0 Throwing
 - Level 4.0 Dodging


You had 2 spell levels left.
You didn't know any spells.
Your spell library was empty.

Dungeon Overview and Level Annotations

Branches:
Dungeon (2/15)

Altars:

Annotations:
D:1 Robin


Innate Abilities, Weirdness & Mutations

((You are very nimble when in or above water. (Stealth+, EV+, Speed+++)))
Your lower body shifts to a powerful aquatic tail in water.


Message History

Robin hits you with a +3 dagger of flaming.
Robin burns you.
You barely miss the hobgoblin.
The hobgoblin is severely wounded.
The hobgoblin barely misses you. Robin barely misses you.
You feel better. The hobgoblin misses you. Robin barely misses you.
You barely miss Robin.
Robin is moderately wounded.
You hit Robin but do no damage.
Robin is moderately wounded.
The hobgoblin hits you. Robin hits you but does no damage.
You hit Robin.
Robin is heavily wounded.
The hobgoblin closely misses you. Robin barely misses you.
You hit Robin but do no damage.
Robin is heavily wounded.
The hobgoblin hits you. Robin barely misses you.
You hit Robin.
Robin is severely wounded.
The hobgoblin hits you.
* * * LOW HITPOINT WARNING * * *
Robin hits you with a +3 dagger of flaming.
* * * LOW HITPOINT WARNING * * *
Robin burns you.
* * * LOW HITPOINT WARNING * * *
You closely miss Robin.
Robin is severely wounded.
The hobgoblin misses you. Robin hits you but does no damage.
You hit Robin.
Robin is almost dead.
The hobgoblin no longer looks unusually strong.
The hobgoblin hits you but does no damage.
Robin barely misses you.
You barely miss Robin.
Robin is almost dead.
The hobgoblin closely misses you.
Robin hits you with a +3 dagger of flaming.
* * * LOW HITPOINT WARNING * * *
Robin burns you.
You die...

#.#.......)...######## #...⌠
#.#.##.#.#.##........# #####
#.#.##.#.#.##..#####.#
#####......#.#.....##....#
#..........#.####.##.....####
#.###.#.##.#.###............#
#.###.#.##.#..............#.#
#.##....##.#####g.#.......#.#
#.##..#.##.#...@).#......##.####
#.##.......#...g..#.#...##......
#.......####....................
####.#### #.....##.######......
#.### #...).##.# ####### #...#
########.## ###.# #..# ######
#.# #########.# #..... #.#
#......##.# #.###.


You could see Robin and a hobgoblin.

Vanquished Creatures
  A worm (D:2)
  A dart slug (D:1)
  3 bats (D:1)
  2 endoplasms (D:2)
  6 goblins (D:1)
  5 hobgoblins
  A quokka (D:1)
  A frilled lizard (D:1)
  2 rats (D:1)
22 creatures vanquished.

Notes
Turn   | Place    | Note
-------+----------+-------------------------------------------
     0 | D:1      | NinjaNoafa the Merfolk Gladiator began the quest for the
                  | Orb.
     0 | D:1      | Reached XP level 1. HP: 16/16 MP: 1/1
   216 | D:1      | Reached skill level 4 in Short Blades
   280 | D:1      | Reached XP level 2. HP: 22/22 MP: 2/2
   527 | D:1      | Found a faded altar of an unknown god.
  1119 | D:2      | Reached XP level 3. HP: 14/27 MP: 3/3
  1197 | D:2      | Reached skill level 5 in Short Blades
  1275 | D:2      | Noticed Robin
  1507 | D:1      | HP: 1/27 [Robin/+3 dagger of flaming (4)]
  1507 | D:1      | Slain by Robin

Illustrated notes

Levels and vault maps discovered:
D:1:      sevenhm_arrival_forest_fort_large_2, layout_loops_cross,
          ebering_ecumenical_altar_abandoned
D:2:      kennysheep_big_flooded_room, layout_loops_cross,
          kennysheep_generic_room_4, uniq_crazy_yiuf_cottage, uniq_robin

Skill      XL: |  1  2  3 |
---------------+----------+-----
Short Blades   | 4 5 |  5.1
Fighting       | |  2.1
Throwing       | |  2.0
Dodging        | |  4.0

Action                   || total
-------------------------++-------
Melee: Rapier            ||    97
       Punch             ||     1
  Use: Potion            ||     2
 Stab: Sleeping          ||     1
Armor: Leather armour    ||    37
Dodge: Dodged            ||    84
